AoeStats
← [HOBO]Drifter

Arena

509708965Analyzed
4v4 RM · 5d ago on Sep 27, 2026· 29m 38s· 8 players
Game mode
Random Map
Map size
Large (8 player)
Population
200
Speed
Normal
Resources
Standard
Victory
Conquest
Starting age
Dark Age
Ending age
Imperial Age
RankedLock teamsTeams togetherTeam positionsShared explorationLock speedFull tech treeHidden civsTurbo modeCheats
Victory
Defeat
🇩🇪 Celts · Germany
1358
+15
🇩🇪 Persians · Germany
1295
+18
🇲🇽 Saxons · Mexico
1288
+18
1287
+18
🇲🇽 Berbers · Mexico
1380
-19
🇨🇦 Romans · Canada
1363
-18
🇭🇰 Teutons · Hong Kong SAR China
1334
-17
🇺🇸 Bohemians · United States
1270
-15
xblxavier
11:41 Feudal Age
12:28 Double-Bit Axe
12:42 Horse Collar
15:17 Castle Age
17:03 Bow Saw
17:52 Heavy Plow
20:59 Wheelbarrow
20:12 Town Watch
20:50 Stone Mining
21:00 Gold Mining
22:16 Hand Cart
22:49 Fletching
22:26 Man-at-Arms
23:29 Loom
Thronx
11:43 Feudal Age
12:37 Double-Bit Axe
12:54 Gold Mining
15:17 Castle Age
16:14 Bow Saw
25:15 Horse Collar
26:07 Heavy Plow
26:45 Wheelbarrow
32:19 Imperial Age
30:05 Hand Cart
29:36 Loom
29:39 Town Watch
M*rpheu$
10:22 Feudal Age
14:38 Castle Age
13:18 Double-Bit Axe
13:16 Horse Collar
17:53 Bow Saw
21:35 Heavy Plow
22:35 Gold Mining
23:39 Wheelbarrow
25:25 Scale Barding Armor
25:31 Forging
26:12 Town Watch
26:13 Loom
26:55 Bloodlines
26:45 Husbandry
26:05 Light Cavalry
30:32 Imperial Age
28:27 Chain Barding Armor
28:42 Iron Casting
っ◔◡◔)っ ♥Slop Daddy♥
12:15 Feudal Age
12:50 Loom
15:25 Castle Age
13:43 Double-Bit Axe
14:02 Horse Collar
15:14 Bloodlines
18:39 Scale Barding Armor
20:15 Wheelbarrow
19:28 Light Cavalry
20:10 Husbandry
22:41 Wheelbarrow
22:20 Forging
22:50 Gold Mining
23:51 Bow Saw
24:04 Chain Barding Armor
26:29 Iron Casting
27:28 Gold Shaft Mining
26:56 Heavy Plow
31:19 Imperial Age
Theodore
11:14 Feudal Age
11:45 Double-Bit Axe
11:44 Horse Collar
16:12 Castle Age
15:49 Scale Mail Armor
16:47 Forging
19:09 Man-at-Arms
20:17 Long Swordsman
22:00 Chain Mail Armor
26:55 Squires
Niccals_
8:01 Loom
9:48 Feudal Age
13:45 Castle Age
12:00 Double-Bit Axe
12:54 Horse Collar
26:51 Imperial Age
[HOBO]Drifter
12:13 Feudal Age
12:26 Feudal Age
16:14 Castle Age
14:07 Double-Bit Axe
14:03 Horse Collar
17:18 Bow Saw
19:11 Wheelbarrow
19:51 Redemption
50232516
0:34 Loom
11:16 Feudal Age
15:19 Castle Age
13:48 Double-Bit Axe
17:51 Wheelbarrow
17:13 Horse Collar
22:15 Bow Saw
22:54 Hand Cart
26:12 Gold Mining
29:55 Imperial Age
27:45 Bloodlines
27:52 Scale Barding Armor
27:58 Forging
Connection lost

Rejoining the realm…

Still unreachable

The connection could not be restored.

Session expired

The server has moved on; the page needs a fresh start.